 Dungeon Crawl Stone Soup version 0.32-a0-128-g77eb882913 (webtiles) character file.

Game seed: 4821274571492501575

2 Esekla the Sneak (level 1, 7/16 HPs)
             Began as an Octopode Delver on Feb 8, 2024.
             Quit the game on level 5 of the Dungeon.
             The game lasted 00:02:31 (214 turns).

Esekla the Sneak (Octopode Delver)                   Turns: 214, Time: 00:02:32

Health: 7/16       AC:  1    Str: 11    XL:     1   Next: 30%
Magic:  1/1        EV: 13    Int: 12    God:
Gold:   153        SH:  0    Dex: 13    Spells: 0/0 levels left

rFire   . . .        a - +0 falchion
rCold   . . .        (no shield)
rNeg    . . .        (helmet restricted)
rPois   .            (no amulet)
rElec   .            (no ring)
rCorr   .            (no ring)
SInv    .            (no ring)
Will    .....        (no ring)
Stlth   ++++         (no ring)
HPRegen 0.22/turn    (no ring)
MPRegen 0.07/turn    (no ring)
                     (no ring)

%: no passive effects
@: no status effects
A: almost no armour, amphibious, 8 rings, camouflage 1, gelatinous body 1,
(nimble swimmer 1), tentacles
a: no special abilities


You were on level 5 of the Dungeon.
You visited 1 branch of the dungeon, and saw 1 of its levels.

You collected 153 gold pieces.

Inventory:

Hand Weapons
 a - a +0 falchion (weapon)
Wands
 f - a wand of digging (3)
Scrolls
 b - a scroll of fog
Potions
 c - a potion of curing {unknown}
 e - a potion of haste
 g - a potion of enlightenment {unknown}


   Skills:
 + Level 3.0 Fighting
 + Level 2.0 Long Blades
 + Level 2.0 Dodging
 + Level 6.7 Stealth


You couldn't memorise any spells.
You didn't know any spells.
Your spell library was empty.

Dungeon Overview and Level Annotations

Branches:
Dungeon (5/15)
 Temple: D:4-7

Altars:
Yredelemnul

Portals:
Ossuary: D:5

Annotations:
D:5 Duvessa


Innate Abilities, Weirdness & Mutations

You cannot wear most types of armour.
You are amphibious.
You can wear up to eight rings at the same time.
Your skin changes colour to match your surroundings (Stealth+).
Your rubbery body absorbs attacks. (AC +1, EV +1)
((You are camouflaged when in or above water. (Stealth+)))
You have tentacles for arms and can constrict up to eight enemies at once.


Message History

You open the door.
There is an open door here.
Found a stone staircase leading down.
You close the door.
A water moccasin comes into view.
Found 2 stones.
There is a stone staircase leading down here.
Found a sand-covered staircase.
You hear the hiss of an avalanche of sand very nearby.
As you open the door, it creaks loudly!
An ice beast and a hound come into view.
The hound barks!
You hear an angry hiss.
An adder comes into view.
Found a buckler and 12 gold pieces.
As you close the door, it creaks loudly!
The orc barely misses you.
You hit the orc but do no damage. You grab the orc.
You constrict the orc, but do no damage.
The orc hits you with a +0 club. x2
You hit the orc.
The orc is lightly wounded.
You constrict the orc, but do no damage.
The orc closely misses you.
You hit the orc. You squeeze the orc, but do no damage.
The orc is moderately wounded.
You constrict the orc, but do no damage.
The orc hits you with a +0 club.
You hit the orc but do no damage. You squeeze the orc.
The orc is almost dead.
You constrict the orc, but do no damage.
The orc hits you with a +0 club.
You barely miss the orc.
The orc is almost dead.
You constrict the orc, but do no damage.
The orc barely misses you.
You hit the orc.
You kill the orc!
Things that are here:
a +0 club; a +0 chain mail Are you sure you want to abandon this character and quit the game? (Confirm with "yes".)

*~~≈≈$.,,,~~~~*
*~≈≈...,,,,~~~*
*~≈....*,,,,~~*
*≈...##,**,,,~*
###≈...#S,,*,,,~*
##.+.h.#Y[*,,*,,~*
#..#~,,,*,,,*,,,~#
#.##~,,,**,**,,,~#
#@#*~~,,,,*,,,,~~#
#.#*~~~,,,,,,,~~~#
#.#*~~~~,,,,,~~~~#
#.#*~~~~~~~~~~~~~#
#.#**####******###
#.####..########..
#...##..........>#
#...ß............#
#......#.........#


There were no monsters in sight!

Vanquished Creatures
  An orc (D:5)
1 creature vanquished.

Notes
Turn   | Place    | Note
-------+----------+-------------------------------------------
     0 | D:5      | Esekla the Octopode Delver began the quest for the Orb.
     0 | D:5      | Reached XP level 1. HP: 16/16 MP: 1/1
    93 | D:5      | Found a basalt altar of Yredelemnul.
   146 | D:5      | Noticed an orc wizard
   167 | D:5      | Noticed Duvessa
   179 | D:5      | Noticed a water moccasin
   186 | D:5      | Found a sand-covered staircase.
   204 | D:5      | Noticed an ice beast
   204 | D:5      | Noticed a hound
   214 | D:5      | Quit the game

Illustrated notes

Levels and vault maps discovered:
D:5:      nicolae_cairo_tiling_very_big, layout_basic,
          mainiacjoe_overflow_alcove_4, nicolae_ossuary_entry_monument,
          minmay_gold_behind_fungi, kennysheep_generic_room_2, uniq_duvessa

Action                     || total
---------------------------++-------
  Melee: Falchion          ||     7
         Constrict         ||     2
         Tentacles         ||     2
    Use: Scroll            ||     2
 Armour: Skin              ||     4
  Dodge: Dodged            ||     3

Table legend: (Time is in decaauts)
 A = Elapsed time spent in this place.
 B = Non-inter-level travel time spent in this place.
 C = Inter-level travel time spent in this place.
 D = Time resting spent in this place.
 E = Time spent auto-exploring this place.
 F = Levels seen in this place.
 G = Mean time per level.
                   A        B        C        D        E       F      G
               +--------+--------+--------+--------+--------+-----+--------+
         Total |    215 |    215 |      0 |      0 |      0 |   1 |  215.0 |
       Dungeon |    215 |    215 |      0 |      0 |      0 |   1 |  215.0 |
               +--------+--------+--------+--------+--------+-----+--------+

Top non-repeatable levels by time:
     D:5: 215 daAuts
